 Dungeon Crawl Stone Soup version 0.31-a0-152-g6aa68a64a1 (webtiles) character file.

Game seed: 14384012560700150334

120 qw the Shooter (level 4, -1/40 HPs)
             Began as a Minotaur Hunter on June 9, 2023.
             Slain by an orc wizard
             ... wielding a +0 dagger
              (4 damage)
             ... on level 3 of the Dungeon.
             The game lasted 00:00:44 (1761 turns).

qw the Shooter (Minotaur Hunter)                    Turns: 1761, Time: 00:00:45

Health: -1/40      AC:  7    Str: 15    XL:     4   Next: 75%
Magic:  3/3        EV: 12    Int:  6    God:
Gold:   90         SH:  0    Dex: 16    Spells: 3/3 levels left

rFire   . . .        Y - +0 shortbow
rCold   . . .        (shield currently unavailable)
rNeg    . . .        c - +0 leather armour
rPois   .            (helmet restricted)
rElec   .            (no cloak)
rCorr   .            l - +2 pair of gloves
SInv    .            j - +0 pair of boots
Will    +....        (no amulet)
Stlth   +            f - ring of willpower
HPRegen 0.26/turn    (no ring)
MPRegen 0.08/turn

%: no passive effects
@: no status effects
A: horns 2, retaliatory headbutt
a: no special abilities


You were on level 3 of the Dungeon.
You visited 1 branch of the dungeon, and saw 3 of its levels.

You collected 90 gold pieces.


Innate Abilities, Weirdness & Mutations

You have a pair of horns on your head.
You reflexively headbutt those who attack you in melee.


   Skills:
 + Level 3.8 Fighting
 - Level 6.0 Ranged Weapons
 - Level 1.0 Armour
 - Level 2.1 Dodging
 - Level 0.7 Stealth


You had 3 spell levels left.
You didn't know any spells.
Your spell library was empty.

Inventory:

Hand Weapons
 Y - a +0 shortbow (weapon)
Armour
 c - a +0 leather armour (worn)
 j - a +0 pair of boots (worn)
 l - a +2 pair of gloves (worn)
Jewellery
 f - a ring of willpower (left hand)
Potions
 a - a potion of lignification {unknown}
 e - a potion of heal wounds {unknown}
 g - a potion of brilliance {unknown}
 h - a potion of haste
 i - a potion of curing {unknown}

Dungeon Overview and Level Annotations

Branches:
Dungeon (3/15)

Altars:
Wu Jian


Message History

Enter note: You start resting.
There is a strange disturbance nearby!
1751 ||| Stepping randomly (disturbance).
A worm comes into view.
Enter note:
Enter note:
1752 ||| FLEEEEING.
A magic dart appears from out of thin air!
Deactivating autopickup; reactivate with Ctrl-A.
The magic dart hits you!
Enter note:
Enter note: You shoot an arrow.
The arrow completely misses the orc.
You shoot an arrow. The arrow hits the orc.
The orc is moderately wounded.
You shoot an arrow. The arrow hits the orc.
The orc is heavily wounded.
You shoot an arrow. The orc shouts!
The arrow hits the orc!
You kill the orc!
You hear a shout!
Something barely misses you.
You shoot an arrow. The arrow closely misses the orc.
Something hits you.
You shoot an arrow.
The arrow hits the orc but does no damage.
Something hits you but does no damage. The orc hits you but does no damage.
You shoot an arrow. The arrow hits the orc.
The orc is heavily wounded.
The orc misses you. Something hits you but does no damage.
The orc barely misses you.
You shoot an arrow. The arrow closely misses the orc.
The orc closely misses you. You furiously retaliate!
You headbutt the orc!
You kill the orc!
Something hits you.
1761 ||| FLEEEEING.
You shoot an arrow. Something hits you.
You die...

#..og.o..... ###
#.#.. #...{ol..<..
..##.......)w....)...
#..#.................
....................
.... ..#...........
##..# ..........####
##. #..)#............
#....###.@{.)#.#
#...........#
#......##....#
........## ..#...
####...w# .# #. .
#..... .. . #....# ..
. .....# #.# w.....#


You could see a worm.

Vanquished Creatures
  6 gnolls
  9 orcs (D:3)
  4 ball pythons
  3 bats
  2 endoplasms
  2 giant cockroaches (D:1)
  5 goblins
  7 hobgoblins
  4 jackals (D:3)
  3 kobolds (D:1)
  A frilled lizard (D:1)
  2 rats
48 creatures vanquished.

Notes
Turn   | Place    | Note
-------+----------+-------------------------------------------
     0 | D:1      | qw the Minotaur Hunter began the quest for the Orb.
     0 | D:1      | Reached XP level 1. HP: 18/18 MP: 0/0
     0 | D:1      | 0 ||| qw: Version: 0.2-a-122-gbc61b45
     0 | D:1      | 0 ||| qw: Game counter: 3281
     0 | D:1      | 0 ||| qw: Always use a shield: true
     0 | D:1      | 0 ||| qw: God list: Okawaru
     0 | D:1      | 0 ||| qw: Allow faded altars: false
     0 | D:1      | 0 ||| qw: Do Orc after D:15 true
     0 | D:1      | 0 ||| qw: Do second Lair branch before Depths: true
     0 | D:1      | 0 ||| qw: Lair rune preference: random
     0 | D:1      | 0 ||| qw: Plans: Normal
     0 | D:1      | 0 ||| PLANNING D:1-11
   141 | D:1      | Reached XP level 2. HP: 25/25 MP: 1/1
   185 | D:1      | Reached skill level 5 in Ranged Weapons
   794 | D:1      | 794 ||| UPGRADING to +0 pair of boots.
   799 | D:1      | 799 ||| UPGRADING to +2 pair of gloves.
   804 | D:1      | 804 ||| UPGRADING to ring of willpower.
   805 | D:1      | 805 ||| READING scroll labelled RANOPUOPPE.
   806 | D:1      | 806 ||| READING scroll labelled LETSUC IQUNUMU.
   807 | D:1      | 807 ||| READING scroll labelled NIWYUFF IDOYDI.
   808 | D:1      | 808 ||| READING scroll labelled QUWKOI ON WOVEH.
   812 | D:1      | 812 ||| DROPPING scroll of butterflies.
   854 | D:2      | Reached skill level 3 in Fighting
  1009 | D:2      | Reached skill level 1 in Armour
  1221 | D:2      | Reached XP level 3. HP: 31/31 MP: 2/2
  1253 | D:2      | Found a faded altar of an unknown god.
  1368 | D:2      | 1368 ||| FLEEEEING.
  1369 | D:2      | 1369 ||| FLEEEEING.
  1370 | D:2      | 1370 ||| FLEEEEING.
  1371 | D:2      | 1371 ||| FLEEEEING.
  1372 | D:2      | 1372 ||| FLEEEEING.
  1373 | D:2      | 1373 ||| FLEEEEING.
  1374 | D:2      | 1374 ||| FLEEEEING.
  1375 | D:2      | 1375 ||| FLEEEEING.
  1376 | D:2      | 1376 ||| STAIRDANCE
  1389 | D:1      | 1389 ||| READING scroll labelled XOAVONN XOGAHA.
  1390 | D:1      | 1390 ||| DRINKING 2 ruby potions.
  1395 | D:1      | 1395 ||| DROPPING potion of ambrosia.
  1400 | D:2      | 1400 ||| STAIRDANCE
  1658 | D:3      | Found an ornate altar of the Wu Jian Council.
  1691 | D:3      | Reached XP level 4. HP: 38/38 MP: 3/3
  1731 | D:3      | Reached skill level 6 in Ranged Weapons
  1744 | D:3      | HP: 10/40 [frilled lizard (1)]
  1745 | D:3      | 1745 ||| READING scroll of teleportation.
  1751 | D:3      | 1751 ||| Stepping randomly (disturbance).
  1752 | D:3      | 1752 ||| FLEEEEING.
  1752 | D:3      | HP: 5/40 [something/magic dart (7)]
  1757 | D:3      | HP: 3/40 [something (3)]
  1761 | D:3      | 1761 ||| FLEEEEING.
  1761 | D:3      | Slain by an orc wizard

Levels and vault maps discovered:
D:1:      dpeg_arrival_arbitrary_c, layout_basic, minmay_tiny_reverse_x
D:2:      layout_basic, shapermc_ecumenical_altar_flowoftime
D:3:      layout_rooms, mainiacjoe_overflow_boulevard

Skill      XL: |  1  2  3  4 |
---------------+-------------+-----
Ranged Weapons | 5 6 |  6.0
Fighting       | 3 |  3.8
Armour         | 1 |  1.0
Dodging        | |  2.1
Stealth        | |  0.7

Action                     |  1- 3 |  4- 6 || total
---------------------------+-------+-------++-------
   Fire: Shortbow          |   119 |    48 ||   167
    Use: Scroll            |     5 |     1 ||     6
         Potion            |     1 |       ||     1
 Armour: Leather armour    |    12 |     8 ||    20
  Dodge: Dodged            |    38 |    20 ||    58

Table legend:
 A = Non-vault XP
 B = Vault XP
 C = Vault XP percentage of total XP
 D = Non-vault monster count
 E = Vault monster count
 F = Vault count percentage of total count
                 A         B        C        D         E       F
            +---------+---------+-------+---------+---------+-------
      Total |     169 |       3 |   1.7 |      46 |       2 |   4.2
            +---------+---------+-------+---------+---------+-------
        D:1 |      39 |       3 |   7.1 |      14 |       2 |  12.5
        D:2 |      47 |       0 |   0.0 |      12 |       0 |   0.0
        D:3 |      83 |       0 |   0.0 |      20 |       0 |   0.0
            +---------+---------+-------+---------+---------+-------
